 Dungeon Crawl Stone Soup version 0.21.1-1-g345015f (webtiles) character file.

16276 nicolaieve the Severer (level 12, 0/105 HPs)
             Began as a Minotaur Berserker on June 30, 2018.
             Was a High Priest of Trog.
             Slain by Rupert
             ... wielding a +2 great mace of protection
              (27 damage)
             ... on level 4 of the Lair of Beasts.
             The game lasted 00:40:12 (10354 turns).

nicolaieve the Severer (Minotaur Berserker)        Turns: 10354, Time: 00:40:13

Health: 0/105      AC: 18    Str: 27    XL:     12   Next: 8%
Magic:  11/11      EV:  8    Int:  4    God:    Trog [*****.]
Gold:   541        SH: 11    Dex: 10    Spells: 11/11 levels left

rFire    . . .     SeeInvis .   B - +1 war axe (flame)
rCold    + . .     Gourm    .   t - +0 buckler
rNeg     . . .     Faith    .   P - +0 plate armour
rPois    .         Spirit   .   (helmet restricted)
rElec    .         Reflect  +   l - +0 cloak
rCorr    .         Harm     .   a - +0 pair of gloves
MR       ++...                  Q - +0 pair of boots (curse)
Stlth    ..........             u - +5 amulet of reflection
HPRegen  1.27/turn              g - ring of protection from cold
MPRegen  0.12/turn              E - ring of stealth

@: berserk cooldown, regenerating, slowed, very slow
A: retaliatory headbutt, horns 2
a: Berserk, Trog's Hand, Brothers in Arms, Burn Spellbooks, Renounce Religion


You were on level 4 of the Lair of Beasts.
You worshipped Trog.
Trog was extremely pleased with you.
You were very hungry.

You visited 2 branches of the dungeon, and saw 12 of its levels.

You collected 541 gold pieces.

Inventory:

Hand Weapons
 s - a +0 war axe
 A - a +1 battleaxe
 B - a +1 war axe of flaming (weapon)
Armour
 a - a +0 pair of gloves (worn)
 l - a +0 cloak (worn)
 t - a +0 buckler (worn)
 z - a +0 pair of boots
 L - a +0 scale mail of fire resistance
 P - a +0 plate armour (worn)
 Q - a cursed +0 pair of boots (worn)
Jewellery
 g - a ring of protection from cold (left hand)
 h - an uncursed amulet of guardian spirit
 u - a +5 amulet of reflection (around neck)
 E - a ring of stealth (right hand)
 N - an uncursed ring of protection from fire
 S - an uncursed ring of see invisible
 T - a +1 ring of protection
Wands
 f - a wand of acid (2)
 O - a wand of digging (13)
Scrolls
 d - 3 scrolls of noise {unknown}
 i - 12 scrolls of remove curse
 j - a scroll of fear {unknown}
 q - 3 scrolls of blinking {unknown}
 r - 2 scrolls of teleportation {unknown}
 y - a scroll of enchant armour {unknown}
 D - a scroll of brand weapon {unknown}
 F - a scroll of amnesia {unknown}
 H - 3 scrolls of enchant weapon {unknown}
 I - a scroll of immolation {unknown}
 M - a scroll of random uselessness {unknown}
 R - 2 scrolls of magic mapping {unknown}
Potions
 b - 3 potions of heal wounds
 e - a potion of agility
 k - 2 potions of invisibility
 m - a potion of mutation
 n - 3 potions of might
 p - 5 potions of curing
 v - 3 potions of lignification
 x - a potion of resistance
 C - a potion of magic {unknown}
 G - a potion of haste
 K - a potion of flight {unknown}
Comestibles
 c - 15 rations


   Skills:
 + Level 9.4 Fighting
 + Level 16.3 Axes
 + Level 9.8 Armour
 - Level 2.1 Dodging
 + Level 10.4 Shields


You had 11 spell levels left.
You didn't know any spells.

Dungeon Overview and Level Annotations

Branches:
Dungeon (8/15)             Temple (0/1) D:6            Lair (4/6) D:8
  Swamp (0/4) Lair:2
  Snake: Lair:2-4    Spider: Lair:2-4

Altars:
Elyvilon
Kikubaaqudgha
Makhleb
Wu Jian

Annotations:
Lair:4 Rupert


Innate Abilities, Weirdness & Mutations

You reflexively headbutt those who attack you in melee.
You have a pair of horns on your head.


Message History

You hit the yak. You burn the yak.
The yak gores you but does no damage. x2
The yak gores you but does no damage. x2; You block the blink frog's attack.
The yak gores you but does no damage.
You see here a bullfrog corpse.
The blink frog barely misses you. You furiously retaliate!
You headbutt the blink frog. The blink frog hits you.
The blink frog blinks!
Rupert roars madly and goes into a rage!
Rupert goes berserk!
Rupert hits you with a great mace of protection!!
The blink frog hits you! The yak gores you!
* * * LOW HITPOINT WARNING * * *
Okay, then.
Okay, then.
Okay, then.
Your skin crawls.
You feel resistant to hostile enchantments.
You are feeling very hungry.
The blink frog hits you but does no damage.
Rupert hits you with a great mace of protection!!
You die...

..#....... .P
.........#####..
................
................
................
.........Y......
......).†YY...%.......
##
........Y@Y..#.#.....##.
#.###..†@########......
# #..F........#.....##.
#..........##.......
.......P.....#P.....#
..............##....##
#.#......#.#####.<...#.#
..#.....##.#####........
.......................
..#P######.#.####.####P


You could see Rupert (berserk), 5 yaks and a blink frog.

Vanquished Creatures
  Harold (Lair:4)
  3 hydras
  Maurice (D:8)
  5 komodo dragons
  The ghost of spiff the Insei, a novice OpTm of Cheibriados (D:5)
  2 rime drakes (Lair:2)
  A troll (D:7)
  6 blink frogs
  6 hippogriffs
  13 yaks
  A basilisk (D:8)
  7 water moccasins
  6 porcupines
  2 orc warriors (D:7)
  A sky beast (D:8)
  An ice beast (D:5)
  6 ogres
  A necrophage (D:7)
  4 phantoms
  5 centaurs
  Blork the orc (D:6)
  3 crocodiles
  A big kobold (D:7)
  8 bullfrogs
  A wyvern zombie (D:8)
  7 scorpions
  8 killer bees
  4 wights (D:5)
  5 howler monkeys
  2 crimson imps
  A quasit (D:5)
  4 hounds
  3 orc priests
  A centaur skeleton (D:8)
  11 orc wizards
  Crazy Yiuf (D:2)
  Jessica (D:3)
  6 iguanas
  Ijyb (D:4)
  14 worker ants
  2 hound zombies
  2 worker ant zombies
  A howler monkey skeleton (D:4)
  7 gnolls
  7 adders
  3 shadow imps
  3 worms
  2 dart slugs
  3 leopard geckos
  36 orcs
  6 giant cockroaches
  6 goblins
  5 hobgoblins
  12 jackals
  9 kobolds
  5 quokkas
  2 ball pythons
  9 bats
  5 frilled lizards
  A jackal skeleton (D:4)
  7 rats
  2 fungi (Lair:2)
  2 plants (Lair:2)
293 creatures vanquished.

Vanquished Creatures (others)
  A centaur (D:7)
  A kobold (D:7)
  A fungus (Lair:2)
3 creatures vanquished.

Grand Total: 296 creatures vanquished

Notes
Turn   | Place    | Note
-------+----------+-------------------------------------------
     0 | D:1      | nicolaieve the Minotaur Berserker began the quest for the Orb.
     0 | D:1      | Reached XP level 1. HP: 19/19 MP: 0/0
    89 | D:1      | Reached skill level 4 in Axes
    89 | D:1      | Reached XP level 2. HP: 6/27 MP: 1/1
  1624 | D:2      | Reached XP level 3. HP: 33/33 MP: 2/2
  2029 | D:2      | Found a runed door.
  2283 | D:2      | Noticed Crazy Yiuf
  2286 | D:2      | Killed Crazy Yiuf
  2286 | D:2      | Reached ** piety under Trog
  2286 | D:2      | Reached skill level 5 in Axes
  2286 | D:2      | Reached XP level 4. HP: 41/41 MP: 3/3
  2362 | D:3      | Noticed Jessica
  2369 | D:3      | Killed Jessica
  2469 | D:3      | Found an ornate altar of the Wu Jian Council.
  2626 | D:3      | Found a white marble altar of Elyvilon.
  2628 | D:3      | Found a burning altar of Makhleb.
  2686 | D:3      | Reached skill level 6 in Axes
  2686 | D:3      | Reached XP level 5. HP: 43/47 MP: 4/4
  2905 | D:4      | Reached XP level 6. HP: 42/55 MP: 5/5
  2917 | D:4      | Reached skill level 7 in Axes
  3075 | D:4      | Reached *** piety under Trog
  3184 | D:4      | Noticed Ijyb
  3192 | D:4      | Killed Ijyb
  3195 | D:4      | Reached skill level 5 in Fighting
  3195 | D:4      | Reached skill level 1 in Shields
  3212 | D:4      | Reached XP level 7. HP: 50/61 MP: 6/6
  3384 | D:4      | Reached skill level 8 in Axes
  3536 | D:5      | Entered Level 5 of the Dungeon
  3552 | D:5      | Reached skill level 5 in Armour
  3801 | D:5      | Reached skill level 9 in Axes
  3811 | D:5      | Reached XP level 8. HP: 39/69 MP: 7/7
  4495 | D:5      | Noticed spiff's ghost (novice OpTm)
  4502 | D:5      | Killed spiff's ghost
  4502 | D:5      | Reached skill level 10 in Axes
  4860 | D:6      | Reached **** piety under Trog
  4863 | D:6      | Reached skill level 5 in Shields
  4972 | D:6      | Reached skill level 11 in Axes
  4972 | D:6      | Reached XP level 9. HP: 75/75 MP: 8/8
  4995 | D:6      | Noticed Blork the orc
  5001 | D:6      | Killed Blork the orc
  5080 | D:6      | Received a gift from Trog
  5108 | D:6      | Found an ancient bone altar of Kikubaaqudgha.
  5171 | D:6      | Found a staircase to the Ecumenical Temple.
  5550 | D:7      | Reached skill level 12 in Axes
  5571 | D:7      | Noticed a troll
  5578 | D:7      | Killed a troll
  5657 | D:7      | Found an ancient bone altar of Kikubaaqudgha.
  5749 | D:7      | Reached ***** piety under Trog
  5918 | D:7      | Reached skill level 13 in Axes
  5940 | D:7      | Reached XP level 10. HP: 81/84 MP: 9/9
  6386 | D:8      | Noticed Maurice
  6396 | D:8      | Killed Maurice
  6862 | D:8      | Reached skill level 14 in Axes
  6886 | D:8      | Received a gift from Trog
  6943 | D:8      | Found a staircase to the Lair.
  7217 | Lair:1   | Entered Level 1 of the Lair of Beasts
  7282 | Lair:1   | Reached XP level 11. HP: 69/94 MP: 10/10
  7286 | Lair:1   | Reached skill level 15 in Axes
  8195 | Lair:2   | Noticed an eight-headed hydra
  8203 | Lair:2   | Killed a five-headed hydra
  8853 | Lair:2   | Noticed a five-headed hydra
  8861 | Lair:2   | Killed a one-headed hydra
  8861 | Lair:2   | Reached skill level 16 in Axes
  8861 | Lair:2   | Reached skill level 10 in Shields
  9623 | Lair:2   | Found a staircase to the Swamp.
 10325 | Lair:4   | Noticed Harold
 10326 | Lair:4   | Noticed an eight-headed hydra
 10338 | Lair:4   | Killed Harold
 10338 | Lair:4   | Reached XP level 12. HP: 104/104 MP: 11/11
 10342 | Lair:4   | Killed a three-headed hydra
 10348 | Lair:4   | Noticed Rupert
 10354 | Lair:4   | Slain by Rupert

Skill      XL: |  1  2  3  4  5  6  7  8  9 10 11 |
---------------+----------------------------------+-----
Axes           | 4 5 6 7 9 11 13 14 16 | 16.3
Fighting       | 4 5 6 8 9 |  9.4
Armour         | 3 4 5 6 7 8 9 |  9.8
Shields        | 1 3 5 6 8 10 | 10.4
Dodging        | |  2.1

Action                   |  1- 3 |  4- 6 |  7- 9 | 10-12 || total
-------------------------+-------+-------+-------+-------++-------
Melee: Hand axe          |    76 |   110 |    22 |       ||   208
       Headbutt          |     9 |    24 |    50 |    56 ||   139
       War axe           |       |       |   217 |   286 ||   503
Invok: Berserk           |     3 |     3 |     6 |     6 ||    18
       Trog's Hand       |       |     1 |       |     2 ||     3
       Burn Spellbooks   |       |       |     1 |     2 ||     3
  Use: Scroll            |       |       |     6 |     5 ||    11
  Eat: Chunk             |     6 |     8 |    14 |     9 ||    37
       Ration            |       |       |       |     3 ||     3
Armor: Scale mail        |    25 |    44 |    26 |       ||    95
       Ring mail         |     4 |       |       |       ||     4
       Animal skin       |     3 |       |       |       ||     3
       Chain mail        |       |       |    61 |    62 ||   123
       Plate armour      |       |       |       |    56 ||    56
Dodge: Dodged            |    43 |    67 |    78 |    78 ||   266
Block: Buckler           |       |    23 |   110 |   134 ||   267
       Reflection        |       |     1 |     9 |     2 ||    12
